 Dungeon Crawl Stone Soup version 0.32-a0-411-g744942f433 (webtiles) character file.

Game seed: 5753230144508389101

111 zazu2006 the Cleaver (level 4, -2/48 HPs)
             Began as a Gnoll Wanderer on Feb 20, 2024.
             Incinerated by a bombardier beetle (6 damage)
             ... with a burning spray
             ... on level 5 of the Dungeon.
             The game lasted 00:05:24 (549 turns).

zazu2006 the Cleaver (Gnoll Wanderer)                Turns: 549, Time: 00:05:25

Health: -2/48      AC:  2    Str: 11    XL:     4   Next: 92%
Magic:  8/8        EV: 11    Int: 13    God:
Gold:   41         SH:  4    Dex: 12    Spells: 8/9 levels left

rFire   . . .        a - +2 hand axe
rCold   . . .        b - +0 buckler
rNeg    . . .        d - +0 robe
rPois   .            (no helmet)
rElec   .            (no cloak)
rCorr   .            (no gloves)
SInv    .            (no boots)
Will    .....        (no amulet) Stlth
                     (no ring)
HPRegen 0.28/turn    (no ring)
MPRegen 0.11/turn

%: no passive effects
@: berserking, on fire, glowing, very quick
A: fangs 1, strong nose, distributed training
a: no special abilities


You were on level 5 of the Dungeon.
You visited 1 branch of the dungeon, and saw 5 of its levels.

You collected 41 gold pieces.

Inventory:

Hand Weapons
 a - a +2 hand axe (weapon)
 e - a +3 falchion
Armour
 b - a +0 buckler (worn)
 d - a +0 robe (worn)
 l - a +0 leather armour
Jewellery
 g - a ring of flight
Scrolls
 c - 3 scrolls of blinking
 f - a scroll of identify {unknown}
 h - a scroll of poison {unknown}
 k - a scroll of fear {unknown}
Potions
 j - a potion of haste {unknown}


   Skills:
 + Level 1.3 Fighting
 + Level 1.3 Short Blades
 + Level 1.3 Long Blades
 + Level 10.5 Axes
 + Level 1.3 Maces & Flails
 + Level 1.3 Polearms
 + Level 1.3 Staves
 + Level 1.3 Ranged Weapons
 + Level 1.3 Throwing
 + Level 2.9 Armour
 + Level 1.3 Dodging
 + Level 1.3 Stealth
 + Level 2.9 Shields
 + Level 1.3 Unarmed Combat
 + Level 3.1 Spellcasting
 + Level 1.1 Conjurations
 + Level 1.1 Hexes
 + Level 1.1 Summonings
 + Level 1.1 Necromancy
 + Level 1.1 Translocations
 + Level 1.1 Fire Magic
 + Level 1.1 Ice Magic
 + Level 3.9 Air Magic
 + Level 1.1 Earth Magic
 + Level 1.1 Alchemy
 + Level 1.5 Invocations
 + Level 1.3 Evocations
 + Level 1.2 Shapeshifting


You had 8 spell levels left.
You knew the following spells:

 Your Spells              Type           Power      Damage    Failure   Level
a - Shock                 Conj/Air       32%        1d5       12%         1

Your spell library contained the following spells:

 Spells                   Type           Power      Damage    Failure   Level
 Swiftness                Air            12%        N/A       19%         3


Dungeon Overview and Level Annotations

Branches:
Dungeon (5/15)
 Temple: D:4-7

Altars:


Innate Abilities, Weirdness & Mutations

You have very sharp teeth.
Your uncanny sense of smell can sniff out nearby items.
Your experience applies equally to all skills.


Message History

The bombardier beetle misses you.
The bombardier beetle barely misses you.
You hit the bombardier beetle.
The bombardier beetle is heavily wounded.
You hit the bombardier beetle.
The bombardier beetle is severely wounded.
The bombardier beetle sprays incendiary fluid at you.
The burning spray hits you.
You are covered in liquid fire!
You barely miss the bombardier beetle.
The bombardier beetle is severely wounded.
The liquid fire burns you!
You hit the bombardier beetle.
The bombardier beetle is almost dead.
You closely miss the phantom. The liquid fire burns you!
The phantom hits you but does no damage.
The bombardier beetle bites you.
You hit the phantom.
The phantom is lightly damaged.
You hit the bombardier beetle.
You kill the bombardier beetle!
The liquid fire burns you!
The phantom hits you but does no damage.
You barely miss the phantom.
The phantom is lightly damaged.
The liquid fire burns you! The phantom hits you.
* * * LOW HITPOINT WARNING * * *
You barely miss the phantom. Your bite misses the phantom.
The phantom is lightly damaged.
The liquid fire burns you!
* * * LOW HITPOINT WARNING * * *
The phantom hits you.
* * * LOW HITPOINT WARNING * * *
It was a potion of berserk rage.
A red film seems to cover your vision as you go berserk!
You feel yourself moving faster!
You feel mighty! The liquid fire burns you!
You die...

...........#
...........
#.........#
.##........#########
...................#
..................#
..................#
....#†W.......)...#
. #@............#
#.......<.....#
#.............#
#.............#
#.............#
#.............#
#.............#
###############


You could see a phantom.

Vanquished Creatures
  A bombardier beetle (D:5)
  Jessica (D:3)
  A gnoll (D:4)
  An adder (D:3)
  An endoplasm (D:1)
  2 giant cockroaches (D:3)
  2 goblins (D:1)
  4 jackals (D:1)
  2 quokkas
  2 ball pythons
  4 bats
  A frilled lizard (D:1)
  A rat (D:1)
23 creatures vanquished.

Notes
Turn   | Place    | Note
-------+----------+-------------------------------------------
     0 | D:1      | Reached skill level 10 in Axes
     0 | D:1      | zazu2006 the Gnoll Wanderer began the quest for the Orb.
     0 | D:1      | zazu2006 set off with the following items: a +2 hand axe, a
                  | +0 buckler, a scroll of blinking, a +0 robe; and the
                  | following spell memorised: Shock; and the following spells
                  | available to memorise: Swiftness.
     0 | D:1      | Reached XP level 1. HP: 13/13 MP: 4/4
    77 | D:1      | Reached XP level 2. HP: 17/20 MP: 5/5
    77 | D:1      | Upgraded the game from 0.32-a0-391-gce5c0aab1b to
                  | 0.32-a0-411-g744942f433
   183 | D:1      | Reached XP level 3. HP: 15/25 MP: 7/7
   256 | D:3      | Noticed Jessica
   261 | D:3      | Killed Jessica
   262 | D:3      | Reached skill level 1 in Fighting
   262 | D:3      | Reached skill level 1 in Short Blades
   262 | D:3      | Reached skill level 1 in Long Blades
   262 | D:3      | Reached skill level 1 in Maces & Flails
   262 | D:3      | Reached skill level 1 in Polearms
   262 | D:3      | Reached skill level 1 in Staves
   262 | D:3      | Reached skill level 1 in Ranged Weapons
   262 | D:3      | Reached skill level 1 in Throwing
   262 | D:3      | Reached skill level 1 in Dodging
   262 | D:3      | Reached skill level 1 in Stealth
   262 | D:3      | Reached skill level 1 in Unarmed Combat
   262 | D:3      | Reached skill level 1 in Invocations
   262 | D:3      | Reached skill level 1 in Evocations
   300 | D:3      | Reached skill level 1 in Shapeshifting
   300 | D:3      | Reached XP level 4. HP: 24/32 MP: 8/8
   430 | D:4      | Reached skill level 1 in Conjurations
   430 | D:4      | Reached skill level 1 in Hexes
   430 | D:4      | Reached skill level 1 in Summonings
   430 | D:4      | Reached skill level 1 in Necromancy
   430 | D:4      | Reached skill level 1 in Translocations
   430 | D:4      | Reached skill level 1 in Fire Magic
   430 | D:4      | Reached skill level 1 in Ice Magic
   430 | D:4      | Reached skill level 1 in Earth Magic
   430 | D:4      | Reached skill level 1 in Alchemy
   459 | D:5      | Entered Level 5 of the Dungeon
   536 | D:5      | Noticed a phantom
   549 | D:5      | Incinerated by a bombardier beetle

Illustrated notes

Levels and vault maps discovered:
D:1:      dreamdust_arrival_beginning_and_end, layout_loops_ring,
          serial_bayou_crossing
D:2:      layout_loops_corners, minivault_4, nrook_campfire
D:3:      layout_rooms, uniq_jessica
D:4:      layout_basic, minmay_hollow_rounded_squares, uniq_duvessa,
          uniq_crazy_yiuf_cottage
D:5:      layout_basic

Skill      XL: |  1  2  3  4 |
---------------+-------------+-----
Axes           | | 10.5
Fighting       | 1 |  1.3
Short Blades   | 1 |  1.3
Long Blades    | 1 |  1.3
Maces & Flails | 1 |  1.3
Polearms       | 1 |  1.3
Staves         | 1 |  1.3
Ranged Weapons | 1 |  1.3
Throwing       | 1 |  1.3
Dodging        | 1 |  1.3
Stealth        | 1 |  1.3
Unarmed Combat | 1 |  1.3
Invocations    | 1 |  1.5
Evocations     | 1 |  1.3
Spellcasting   | 3 |  3.1
Shapeshifting  | 1 |  1.2
Conjurations   | 1 |  1.1
Hexes          | 1 |  1.1
Summonings     | 1 |  1.1
Necromancy     | 1 |  1.1
Translocations | 1 |  1.1
Fire Magic     | 1 |  1.1
Ice Magic      | 1 |  1.1
Earth Magic    | 1 |  1.1
Alchemy        | 1 |  1.1
Armour         | |  2.9
Shields        | |  2.9
Air Magic      | |  3.9

Action                     |  1- 3 |  4- 6 || total
---------------------------+-------+-------++-------
  Melee: Hand axe          |    44 |    13 ||    57
         Bite              |     4 |     1 ||     5
    Use: Potion            |       |     1 ||     1
   Stab: Sleeping          |     1 |       ||     1
 Armour: Robe              |    24 |     8 ||    32
  Dodge: Dodged            |    24 |     6 ||    30
  Block: Buckler           |    11 |       ||    11

Table legend: (Time is in decaauts)
 A = Elapsed time spent in this place.
 B = Non-inter-level travel time spent in this place.
 C = Inter-level travel time spent in this place.
 D = Time resting spent in this place.
 E = Time spent auto-exploring this place.
 F = Levels seen in this place.
 G = Mean time per level.
                   A        B        C        D        E       F      G
               +--------+--------+--------+--------+--------+-----+--------+
         Total |    539 |    218 |    321 |      0 |     72 |   5 |  107.8 |
       Dungeon |    539 |    218 |    321 |      0 |     72 |   5 |  107.8 |
               +--------+--------+--------+--------+--------+-----+--------+

Top non-repeatable levels by time:
     D:1: 186 daAuts
     D:3: 107 daAuts
     D:4: 91 daAuts
     D:5: 88 daAuts
     D:2: 65 daAuts
